 Dungeon Crawl Stone Soup version 0.20.1-4-g4af34eaf8e (webtiles) character file.

3700 Alfie the Archer (level 9, -14/82 HPs)
             Began as a Minotaur Hunter on Mar 12, 2020.
             Demolished by Maurice
             ... wielding a +2 dagger of electrocution
              (23 damage)
             ... on level 8 of the Dungeon.
             The game lasted 00:23:21 (5729 turns).

Alfie the Archer (Minotaur Hunter)                  Turns: 5729, Time: 00:23:22

Health: -14/82     AC:  6    Str: 18    XL:     9   Next: 91%
Magic:  8/8        EV: 13    Int:  8    God:
Gold:   376        SH:  0    Dex: 13    Spells: 7/8 levels left

rFire    . . .     SeeInvis .   a - +1 shortbow
rCold    . . .     Gourm    .   (shield currently unavailable)
rNeg     . . .     Faith    .   c - +2 leather armour
rPois    +         Spirit   .   (helmet restricted)
rElec    .         Reflect  .   (no cloak)
rCorr    .         Harm     .   (no gloves)
MR       .....                  l - +0 pair of boots
Stlth    ++........             (no amulet)
Regen    0.3/turn               s - ring of poison resistance
MPRegen  0.2/turn               (no ring)

@: no status effects
A: retaliatory headbutt, horns 2
a: no special abilities


You were on level 8 of the Dungeon.
You were not hungry.

You visited 1 branch of the dungeon, and saw 8 of its levels.

You collected 432 gold pieces.
You spent 56 gold pieces at shops.

Inventory:

Hand Weapons
 a - a +1 shortbow (weapon)
 b - a +1 short sword
Missiles
 d - 9 arrows (quivered)
 y - 2 tomahawks
Armour
 c - a +2 leather armour (worn)
 l - a +0 pair of boots (worn)
Jewellery
 k - an uncursed amulet of the gourmand
 s - a ring of poison resistance (left hand)
 A - an uncursed amulet of guardian spirit
Wands
 u - a wand of paralysis (19/24)
Scrolls
 g - a scroll of fear
 i - 5 scrolls of remove curse
 j - 2 scrolls of blinking
 q - 2 scrolls of fog
Potions
 e - a potion of magic {unknown}
 h - a potion of berserk rage {unknown}
 n - a potion of might {unknown}
 o - 4 potions of curing {unknown}
 t - a potion of agility {unknown}
 v - a potion of heal wounds
 x - a potion of ambrosia {unknown}
 B - a potion of haste {unknown}
 F - 2 potions of mutation {unknown}
Books
 r - a book of Minor Magic

   Spells                             Type                      Level
   a - Magic Dart                     Conjuration                  1
   b - Blink                          Translocation                2
   c - Call Imp                       Summoning                    2
   d - Slow                           Hexes                        2
   e - Conjure Flame                  Conjuration/Fire             3
   f - Mephitic Cloud                 Conjuration/Poison/Air       3
Comestibles
 f - 9 bread rations
 p - 4 meat rations
 C - a royal jelly


   Skills:
 + Level 8.3 Fighting
 + Level 1.4 Short Blades
 + Level 12.7 Bows
 + Level 3.9 Armour
 + Level 4.1 Dodging
 + Level 1.8 Stealth


You had 7 spell levels left.
You knew the following spells:

 Your Spells              Type           Power        Failure   Level  Hunger
a - Magic Dart            Conj           #...         45%         1    ##.....


Dungeon Overview and Level Annotations

Branches:
Dungeon (8/15)             Temple (0/1) D:6
   Lair: D:8-11

Altars:
Elyvilon
Makhleb
Okawaru

Shops:
D:7 *

Annotations:
D:8 Maurice


Innate Abilities, Weirdness & Mutations

You reflexively headbutt those who attack you in melee.
You have a pair of horns on your head.


Message History

Firing (i - inventory. (,) - cycle):
d - 12 arrows (quivered)
Press: ? - help, Shift-Dir - straight line, f/p - Maurice
Aim: Maurice, wielding a dagger of electrocution, wearing a runed cloak, wearing an uncursed amulet of harm and carrying a wand of disintegration (?/24) {zapped: 1} (heavily wounded, covering ground quickly)
You shoot an arrow. The arrow hits Maurice.
Maurice is heavily wounded.
Firing (i - inventory. (,) - cycle):
d - 11 arrows (quivered)
Press: ? - help, Shift-Dir - straight line, f/p - Maurice
Aim: Maurice, wielding a dagger of electrocution, wearing a runed cloak, wearing an uncursed amulet of harm and carrying a wand of disintegration (?/24) {zapped: 1} (heavily wounded, covering ground quickly)
You shoot an arrow. The arrow hits Maurice.
Maurice is severely wounded.
Maurice hits you but does no damage.
You are electrocuted!
* * * LOW HITPOINT WARNING * * *
Firing (i - inventory. (,) - cycle):
d - 10 arrows (quivered)
Press: ? - help, Shift-Dir - straight line, f/p - Maurice
Aim: Maurice, wielding a dagger of electrocution, wearing a runed cloak, wearing an uncursed amulet of harm and carrying a wand of disintegration (?/24) {zapped: 1} (severely wounded, covering ground quickly)
You shoot an arrow. The arrow misses Maurice.
Maurice hits you with a dagger of electrocution.
* * * LOW HITPOINT WARNING * * *
Maurice steals your 2 scrolls of fear!
You are electrocuted!
You die...

#............
#....(...###.....#....).
......(...##.....#......
..((......##.....#......
...(......##.....#####.#
....(.....##.##### #.)
....((....##.# ##.#
#....((..###.# ###..#
.......@@(##.# #..(.#
..........##.# ##.##.#
..........##.# ##..##.#
..........##.# ##..###.#
.............###..## #.#
#............##..###..[.
##...................#.#
######.........######
#..###.#..#


You could see Maurice.

Vanquished Creatures
  A two-headed ogre (D:8)
  Pikel (D:6)
  Joseph (D:7)
  A hippogriff (D:7)
  A spriggan (D:7)
  Eustachio (D:4)
  An orc warrior (D:6)
  2 slaves (D:6)
  A phantom (D:6)
  4 ogres
  A centaur (D:7)
  4 bullfrogs
  4 wights (D:6)
  2 crimson imps (D:7)
  A jelly (D:7)
  3 orc priests
  Terence (D:2)
  Ijyb (D:4)
  3 iguanas (D:5)
  6 orc wizards
  2 worker ants (D:7)
  A killer bee zombie (D:7)
  A howler monkey skeleton (D:8)
  4 adders
  2 shadow imps (D:5)
  An ooze (D:2)
  2 adder zombies
  An adder skeleton (D:8)
  3 worms (D:2)
  A dart slug (D:1)
  3 leopard geckos
  29 orcs
  3 giant cockroaches
  5 goblins
  3 hobgoblins
  12 jackals
  6 kobolds
  2 quokkas
  A ball python (D:4)
  9 bats
  2 frilled lizards
  A quokka skeleton (D:6)
  A quokka zombie (D:5)
  9 rats
144 creatures vanquished.

Vanquished Creatures (others)
  A hound (D:6)
  An orc wizard (D:6)
  A howler monkey zombie (D:6)
  An orc (D:6)
4 creatures vanquished.

Grand Total: 148 creatures vanquished

Notes
Turn   | Place    | Note
-------+----------+-------------------------------------------
     0 | D:1      | Alfie the Minotaur Hunter began the quest for the Orb.
     0 | D:1      | Reached XP level 1. HP: 18/18 MP: 0/0
   235 | D:1      | Reached XP level 2. HP: 25/25 MP: 1/1
   567 | D:2      | Reached skill level 5 in Bows
   714 | D:2      | Reached XP level 3. HP: 28/30 MP: 2/2
   980 | D:2      | Noticed Terence
   992 | D:2      | Killed Terence
   992 | D:2      | Reached skill level 1 in Stealth
   992 | D:2      | Reached XP level 4. HP: 33/37 MP: 3/3
  1027 | D:2      | Reached skill level 1 in Armour
  2101 | D:4      | Reached skill level 6 in Bows
  2101 | D:4      | Reached XP level 5. HP: 27/45 MP: 4/4
  2175 | D:4      | Learned a level 1 spell: Magic Dart
  2190 | D:4      | Noticed Eustachio
  2426 | D:4      | Killed Eustachio
  2426 | D:4      | Reached XP level 6. HP: 34/51 MP: 5/5
  2488 | D:4      | Reached skill level 7 in Bows
  2806 | D:4      | Noticed Ijyb
  2811 | D:4      | Paralysed by Ijyb for 3 turns
  2822 | D:4      | Killed Ijyb
  2822 | D:4      | Reached XP level 7. HP: 57/58 MP: 6/6
  3098 | D:5      | Entered Level 5 of the Dungeon
  3130 | D:5      | Reached skill level 8 in Bows
  4099 | D:6      | Reached skill level 1 in Short Blades
  4102 | D:6      | Found a staircase to the Ecumenical Temple.
  4303 | D:6      | Reached skill level 9 in Bows
  4326 | D:6      | Reached XP level 8. HP: 43/67 MP: 7/7
  4369 | D:6      | Reached skill level 5 in Fighting
  4446 | D:6      | Noticed Pikel
  4489 | D:6      | Killed Pikel
  4489 | D:6      | Reached skill level 10 in Bows
  4572 | D:6      | Reached skill level 11 in Bows
  4831 | D:7      | Found Xiqos's Assorted Antiques.
  4833 | D:7      | Noticed Joseph
  4859 | D:7      | Killed Joseph
  4859 | D:7      | Reached XP level 9. HP: 46/78 MP: 8/8
  4971 | D:7      | Bought 2 scrolls labeled SOESKU GOSAO for 56 gold pieces
  5585 | D:7      | Reached skill level 12 in Bows
  5624 | D:8      | Found a white marble altar of Elyvilon.
  5625 | D:8      | Found an iron altar of Okawaru.
  5625 | D:8      | Found a burning altar of Makhleb.
  5644 | D:8      | Noticed a two-headed ogre
  5654 | D:8      | Killed a two-headed ogre
  5710 | D:8      | Noticed Maurice
  5729 | D:8      | Demolished by Maurice

Skill      XL: |  1  2  3  4  5  6  7  8  9 |
---------------+----------------------------+-----
Bows           | 5 6 7 9 11 12 | 12.7
Stealth        | 1 |  1.8
Armour         | 1 2 3 |  3.9
Fighting       | 3 4 6 8 |  8.3
Short Blades   | 1 |  1.4
Dodging        | 3 4 |  4.1

Action                   |  1- 3 |  4- 6 |  7- 9 || total
-------------------------+-------+-------+-------++-------
Melee: Short sword       |    38 |     8 |    10 ||    56
       Headbutt          |     6 |     2 |       ||     8
 Fire: Shortbow          |    48 |   160 |   325 ||   533
  Use: Scroll            |     7 |     1 |    10 ||    18
       Potion            |       |       |     3 ||     3
  Eat: Fruit             |       |     4 |     1 ||     5
       Bread ration      |       |     1 |     1 ||     2
       Royal jelly       |       |       |     1 ||     1
Armor: Leather armour    |    16 |    18 |    21 ||    55
Dodge: Dodged            |    35 |    34 |    52 ||   121
